[Event "Allsvenskan 24-25"]
[Site "Linköping, Sweden"]
[Date "????.??.??"]
[Round "10.2"]
[White "Hanoman, Tony"]
[Black "Nagy, Mate 2009"]
[Result "1-0"]
[TimeControl "90 min/40 moves + 30 min + 30 sec from move 1"]
[WhiteElo "1971"]
[BlackElo "1871"]

1. e4 e5 2. Nf3 Nc6 3. d4 exd4 4. Nxd4 Nf6 5. Nxc6 bxc6 6. e5 Nd5 7. c4 Nb6 8. Bd3 Qh4 9. Qe2 Ba6 10.
Nd2 Bb4 11. b3 O-O 12. O-O Bc3 13. Nf3 Qh5 14. Bb2 Bxb2 15. Qxb2 Nd5 16. Qd2 Ne7 17. Rad1 Bb7 18. Qb4 Ng6 19.
Bxg6 fxg6 20. Qxb7 Rae8 21. Rd3 1-0

[Event "Allsvenskan 24-25"]
[Site "Linköping, Sweden"]
[Date "????.??.??"]
[Round "10.3"]
[White "Jafarzadeh, Mehrdad"]
[Black "Nordstrom, Per-Olov"]
[Result "1-0"]
[TimeControl "90 min/40 moves + 30 min + 30 sec from move 1"]
[WhiteClock "00:33:31"]
[BlackClock "00:28:40"]
[WhiteElo "2048"]
[BlackElo "1936"]

1. d4 Nf6 2. Nf3 g6 3. Bg5 Bg7 4. Nbd2 d5 5. e3 O-O 6. Be2 b6 7. O-O Bb7 8. c3 c5 9. b4 cxb4 10.
cxb4 Nbd7 11. Rc1 a5 12. b5 Rc8 13. Qb3 h6 14. Bh4 g5 15. Bg3 Nh5 16. Be5 Bxe5 17. Nxe5 Nxe5 18. Bxh5 Nd7 19.
f4 Nf6 20. Be2 g4 21. Bd3 Qd7 22.
a4 Rxc1 23. Rxc1 Rc8 24. Rc3 Rxc3 25. Qxc3 Qc8 26. Qxc8+ Bxc8 27. Kf2 Kg7 28. Kg3 h5 29. f5 Kh6 30. Kf4 Bb7 31. h4 Nd7 32.
Bc2 Nf6 33. Nf1 Nd7 34. e4 dxe4 35. Bxe4 Bc8 36. Ne3 Nf6 37. Bc6 e6 38. fxe6 fxe6 39. Nc4 Nd5+ 40. Bxd5 exd5 41. Nxb6 Bb7 42.
g3 Kg6 43. Ke5 1-0

[Event "Allsvenskan 24-25"]
[Site "Linköping, Sweden"]
[Date "????.??.??"]
[Round "10.4"]
[White "Thyberg, Andre"]
[Black "Narva, David"]
[Result "1/2-1/2"]
[TimeControl "90 min/40 moves + 30 min + 30 sec from move 1"]
[WhiteClock "00:29:32"]
[BlackClock "00:20:04"]
[ReferenceTime "B/2025-03-16T15:30:03.167+01:00"]
[WhiteElo "1973"]
[BlackElo "2023"]

1. e4 g6 2. d4 Bg7 3. Nc3 d6 4. Bc4 e6 5. f4 Ne7 6. Nf3 d5 7. Be2 O-O 8. O-O dxe4 9. Nxe4 b6 10.
c3 Bb7 11. Qc2 Nf5 12. Ne5 Nh4 13. Bc4 Bd5 14. Bxd5 exd5 15. Ng3 Nd7 16. Bd2 Nxe5 17. fxe5 f6 18. exf6 Rxf6 19. Rxf6 Bxf6 20.
Re1 Qd7 21. Qc1 Nf5 22. Nxf5 Qxf5 23. Rf1 Qe6 24. Bh6 Bg7 25. Bxg7 Kxg7 26. Re1 Qf6 27. Qe3 Rf8 28. Qe5 c6 29.
g4 g5 30. Kg2 h6 31. b3 Kg6 32. Qxf6+ Kxf6 33. Re5 Rf7 34. Re8 c5 35. dxc5 bxc5 36. Rc8 Ke5 37. Rxc5 Ke4 38. Rc6 Ke3 39.
Re6+ Kd3 40. Rd6 Ke2 41. Re6+ Kd3 42. Re5 Rd7 43. c4 dxc4 44. bxc4 Kxc4 45. Ra5 Kd3 46. h4 Ke4 47. hxg5 hxg5 48.
Ra4+ Rd4 49. Rxa7 Kd5 1/2-1/2

[Event "Allsvenskan 24-25"]
[Site "Linköping, Sweden"]
[Date "????.??.??"]
[Round "10.5"]
[White "Todorovic, Zoran S"]
[Black "Halvarsson, Peter"]
[Result "1-0"]
[TimeControl "90 min/40 moves + 30 min + 30 sec from move 1"]
[WhiteElo "2007"]
[BlackElo "1936"]

1. e4 c5 2. Nf3 g6 3. d4 cxd4 4. Nxd4 Bg7 5. Nc3 Nc6 6. Be3 Nf6 7. Nxc6 bxc6 8. e5 Ng8 9. f4 Nh6 10.
Qd2 d5 11. exd6 exd6 12. O-O-O O-O 13. Bc5 d5 14. h3 Re8 15. g4 Qa5 16. Bd4 Rb8 17. Bxg7 Kxg7 18. Qd4+ Kg8 19. b3 Rb4 20.
Qd2 Qc5 21. Kb2 a5 22. a3 Rb8 23. Bg2 Bd7 24. Rhe1 Rxe1 25. Rxe1 Kf8 26. Na4 Qb5 27. f5 Ng8 28. Qd4 gxf5 29.
Nc5 Bc8 30. gxf5 Bxf5 31. Bf1 Qb6 32. Bd3 Bxh3 33. Bxh7 Qd8 34. Bxg8 Bf5 35. Qh8 Be6 36. Rxe6 1-0

[Event "Allsvenskan 24-25"]
[Site "Linköping, Sweden"]
[Date "????.??.??"]
[Round "10.6"]
[White "Stahlberg, Adam"]
[Black "Tarasenko, Oleg"]
[Result "1/2-1/2"]
[TimeControl "90 min/40 moves + 30 min + 30 sec from move 1"]
[WhiteElo "1943"]
[BlackElo "1892"]

1. d4 d5 2. c4 c6 3. cxd5 cxd5 4. Nc3 Nf6 5. Nf3 Nc6 6. e3 Bg4 7. h3 Bxf3 8. Qxf3 e6 9. Bd3 Be7 10. Qd1 Rc8 11. O-O O-O 12.
f4 Na5 13. g4 Nc4 14. Qf3 Qa5 15. g5 Nd7 16. Bxc4 Rxc4 17. Bd2 Qa6 18. h4 b5 19. b3 Rc6 20. Qe2 b4 21. Qxa6 Rxa6 22.
Na4 Rc6 23. Rfc1 Rfc8 24. Rxc6 Rxc6 25. Rc1 Rxc1+ 26. Bxc1 Kf8 27. Bd2 Bd6 28. Nb2 Ke7 29. Nd3 a5 30. Kf2 1/2-1/2

[Event "Allsvenskan 24-25"]
[Site "Linköping, Sweden"]
[Date "????.??.??"]
[Round "10.7"]
[White "Nyberg, Peter"]
[Black "Svorono, Gabriel"]
[Result "0-1"]
[TimeControl "90 min/40 moves + 30 min + 30 sec from move 1"]
[WhiteElo "1972"]
[BlackElo "2162"]

1. c4 e6 2. e4 d5 3.
cxd5 exd5 4. exd5 Nf6 5. Bb5+ Nbd7 6. Nc3 Bd6 7. Qe2+ Be7 8. Nf3 O-O 9. O-O Nb6 10. d4 Nbxd5 11. Bd2 c6 12.
Bd3 Bg4 13. Rae1 Re8 14. Qd1 Qb6 15. Nxd5 cxd5 16. Bc3 Bd6 17. h3 Bh5 18. g4 Bg6 19. Bxg6 hxg6 20. Ne5 Ne4 21. Qf3 Bxe5 22.
dxe5 Rac8 23. Qd3 Nxc3 24. bxc3 Qa5 25. e6 fxe6 26. Qxg6 e5 27. Re3 Qxa2 28. Rfe1 e4 29. f3 Rf8 30.
Qe6+ Kh8 31. R3e2 Qb3 32. Qe7 Rxf3 33. Qe6 Qxc3 34. Qxd5 Rg3+ 35. Kf1 Rf8+ 0-1

[Event "Allsvenskan 24-25"]
[Site "Linköping, Sweden"]
[Date "????.??.??"]
[Round "10.9"]
[White "Andersson, Lars"]
[Black "Davidsson, Asker"]
[Result "1-0"]
[TimeControl "90 min/40 moves + 30 min + 30 sec from move 1"]
[WhiteElo "2006"]
[BlackElo "1823"]

1. d4 d5 2. Bf4 Nf6 3. e3 c5 4.
c3 Bf5 5. Nf3 cxd4 6. exd4 Nc6 7. Nbd2 e6 8. Qb3 Qb6 9. Qxb6 axb6 10. Nh4 Bc2 11. Rc1 Bg6 12. Nxg6 hxg6 13. a3 Be7 14. Bb5 Ra5 15. Be2 O-O 16. g4 Rc8 17. O-O Kf8 18. Bg3 Kg8 19.
Rce1 g5 20. Rc1 Ra4 21. h3 Ra5 22. Bd3 g6 23. Kg2 Kg7 24. f4 gxf4 25. Bxf4 Ra4 26. Bb5 Ra5 27. Bxc6 bxc6 28. Be5 g5 29.
h4 Kg6 30. h5+ Kg7 31. Rf2 Rh8 32. Rcf1 Rh6 33. Nf3 Kf8 34. Nh2 Kg7 35. Kh3 c5 36. Nf3 Kf8 37. Ne1 Ne4 38. Rxf7+ Ke8 39.
Rg7 Rb5 40. Nd3 Nd6 41. Rg8+ Kd7 42. Bxd6 Kxd6 43. b4 cxd4 44. cxd4 Bf6 45. a4 Rxb4 46. Nxb4 Bxd4 47. Nd3 e5 48.
Rf5 Re6 49. Rgxg5 Re8 50. Rg6+ Kc7 51. Rf7+ Kc8 52. Nb4 1-0

[Event "Allsvenskan 24-25"]
[Site "Linköping, Sweden"]
[Date "????.??.??"]
[Round "10.10"]
[White "Leijon, Noah"]
[Black "Gidmark, Fredrik"]
[Result "0-1"]
[TimeControl "90 min/40 moves + 30 min + 30 sec from move 1"]
[WhiteElo "1805"]
[BlackElo "1914"]

1. e4 d5 2. exd5 Nf6 3. d4 Nxd5 4. Bc4 Bf5 5. c3 e6 6. Nf3 Be7 7. O-O O-O 8. Ne5 Nd7 9.
Bxd5 exd5 10. Nf3 b5 11. Bf4 a5 12. Re1 Bf6 13. a3 c6 14. Nbd2 Qb6 15. b4 Rfe8 16. Nb3 a4 17. Nc1 Re4 18.
Nd3 Rae8 19. Nde5 Rxf4 20. g3 Re4 21. Rxe4 dxe4 22. Nxd7 Bxd7 23. Nd2 Qd8 24. Qc2 Bf5 25. Nf1 Qd7 26.
Ne3 Bg6 27. g4 Bg5 28. h3 Qd6 29. Ng2 e3 30. Qb2 e2 31. Re1 Bd3 32. h4 Bf4 33. Qa2 Re6 34. d5 Bh2+ 35. Kh1 cxd5 36.
f4 Bxf4 37. Nxf4 Qxf4 38. Qxd5 Be4+ 0-1

[Event "Allsvenskan 24-25"]
[Site "Linköping, Sweden"]
[Date "????.??.??"]
[Round "10.12"]
[White "Skytt, Klas"]
[Black "Andersson, Daniel"]
[Result "0-1"]
[TimeControl "90 min/40 moves + 30 min + 30 sec from move 1"]
[WhiteElo "1774"]
[BlackElo "1910"]

1. d4 Nf6 2. c4 g6 3. Nc3 Bg7 4. e4 d6 5. Nf3 O-O 6. h3 Nbd7 7. Be3 c5 8. d5 Qa5 9. Bd2 Qb6 10. Qc1 Re8 11. Bd3 e5 12. O-O Nf8 13. Rb1 a5 14. Re1 Kh8 15. Ng5 Re7 16. f4 exf4 17.
Bxf4 N6d7 18. Nf3 f6 19. Nb5 Ne5 20. Nxe5 fxe5 21. Bg5 Rf7 22. Rf1 Rxf1+ 23. Qxf1 Bd7 24. Nc3 h6 25. Bf6 Nh7 26.
Bxg7+ Kxg7 27. Qe2 Rf8 28. Rf1 Rxf1+ 29. Kxf1 Qd8 30. b3 Qg5 31. Qe1 Nf6 32. Bb1 Nh5 33. Ne2 Nf4 34. Nxf4 Qxf4+ 35. Qf2 Qc1+ 36. Qe1 Qxe1+ 37. Kxe1 Kf6 38. Kf2 Kg5 39. Kg3 h5 40. Bd3 h4+ 41. Kf3 a4 42. Ke3 Kh6 43. Be2 Kg5 44.
Kf3 a3 45. Ke3 Be8 46. Kf3 Bd7 47. Ke3 Kf6 48. Kd2 Ke7 49. Kc3 Kf6 50. b4 cxb4+ 51. Kxb4 b6 52. Bg4 Be8 53. Kxa3 Kg5 54.
Kb4 Kf4 55. Bf3 Bd7 56. a4 Bxh3 57. gxh3 Kxf3 58. c5 bxc5+ 59. Kc4 g5 60. a5 g4 61. a6 gxh3 62. a7 h2 63. a8=Q h1=Q 64.
Qa3+ Kf4 65. Kb5 Qxe4 66. Kc6 Qe3 67. Qxe3+ Kxe3 68. Kxd6 h3 69. Kxc5 h2 70. d6 h1=Q 71. d7 Qa8 72.
Kd4+ 0-1

[Event "Allsvenskan 24-25"]
[Site "Linköping, Sweden"]
[Date "????.??.??"]
[Round "10.13"]
[White "Andersson, Andreas 1972"]
[Black "Larsson, Emma 2008"]
[Result "1/2-1/2"]
[TimeControl "90 min/40 moves + 30 min + 30 sec from move 1"]
[WhiteElo "1889"]
[BlackElo "1772"]

1. d4 Nf6 2. c4 c5 3. e3 g6 4.
Nf3 cxd4 5. exd4 Bg7 6. Be2 O-O 7. O-O d6 8. Nc3 b6 9.
h3 Bb7 10. Be3 Nbd7 11. Qd2 Re8 12. Rac1 Rc8 13.
Rfd1 e5 14. Nb5 Ne4 15. Qb4 a6 16. Na3 Qc7 17. d5 f5 18. Rc2 f4 19. Bc1 Ndc5 20. Qe1 Qe7 21. b4 Nd7 22. Nh2 Rf8 23.
Bd3 Ng5 24. f3 Rce8 25. Re2 Qd8 26. Ng4 Nf6 27. Nf2 Bc8 28. Qd2 Nh5 29. Qc2 Ng3 30. Ree1 Re7 31. Kh2 Qd7 32. c5 bxc5 33.
bxc5 dxc5 34. d6 Ree8 35. Qxc5 Bb7 36. Bc4+ Kh8 37. Bd5 Rc8 38. Qb4 Rxc1 39. Qxb7 Qxb7 40. Bxb7 Rc3 41. Nb1 Rc2 42.
Rd2 Rxd2 43. Nxd2 Rd8 44. Nc4 Nf5 45. Nxe5 Nxd6 46. Bc6 Ngf7 47. Nxf7+ Nxf7 48. Ne4 Bd4 1/2-1/2

[Event "Allsvenskan 24-25"]
[Site "Linköping, Sweden"]
[Date "????.??.??"]
[Round "10.14"]
[White "Jakobsson, Leif"]
[Black "Karlsson, Peter 1965"]
[Result "0-1"]
[TimeControl "90 min/40 moves + 30 min + 30 sec from move 1"]
[WhiteElo "1728"]
[BlackElo "1740"]

1. e4 d5 2. exd5 Nf6 3. d4 Nxd5 4. c4 Nb6 5. Nf3 g6 6. b3 Bg7 7. Bb2 c5 8. Na3 Nc6 9. Nc2 O-O 10. Qd2 Bf5 11. Bd3 Bxd3 12. Qxd3 cxd4 13. c5 Nd5 14. Qb5 e5 15.
Qxb7 Qa5+ 16. b4 Ncxb4 17. Nxb4 Nxb4 18. O-O Nd3 19. Qb3 Nxb2 20. Qxb2 Qxc5 21. Rfc1 Qd6 22. Ng5 Qd5 23. Rc7 h6 24.
Nf3 e4 25. Nd2 d3 26. Qc1 Bxa1 27. Qxa1 Rfc8 28. Re7 Qg5 0-1